 Dungeon Crawl Stone Soup version 0.28.0 (webtiles) character file.

Game seed: 11227840568176462269

226454 tilp the Warrior (level 18, -24/155 HPs)
             Began as a Demonspawn Gladiator on Feb 16, 2022.
             Was the Champion of Makhleb.
             Annihilated by a naga warrior (28 damage)
             ... on level 4 of the Snake Pit on Feb 18, 2022.
             The game lasted 01:30:43 (56351 turns).

tilp the Warrior (Demonspawn Gladiator)            Turns: 56351, Time: 01:30:44

Health: -24/155    AC: 29    Str: 25    XL:     18   Next: 65%
Magic:  0/25       EV: 19    Int: 11    God:    Makhleb [******]
Gold:   1527       SH: 13    Dex: 24    Spells: 17/17 levels left

rFire   . . .      SeeInvis +   a - +0 morningstar (protect)
rCold   . . .      Faith    .   g - +0 kite shield
rNeg    + + +      Spirit   +   O - +1 plate armour of the Cuttlefish {rN+ Str+4 Dex+3}
rPois   +          Reflect  .   (helmet restricted)
rElec   .          Harm     .   A - +2 cloak
rCorr   +          Rampage  .   J - +2 pair of gloves
Will    +....                   Y - +0 pair of boots
Stlth   ..........              H - amulet of guardian spirit
HPRegen 0.35/turn               K - ring of Ume Kic {rCorr Dex+6 SInv}
MPRegen 0.19/turn               E - ring "Ymnir" {rPois rN++ AC+4 Int-2 Stlth+}

@: studying 2 skills
A: claws 2, repulsion field 2, powered by death 2, spiny 3, antennae 1, clever
1, sense surroundings 1
}: 1/15 runes: decaying
a: Renounce Religion, Minor Destruction, Lesser Servant of Makhleb, Major
Destruction, Greater Servant of Makhleb


You were on level 4 of the Snake Pit.
You worshipped Makhleb.
Makhleb was exalted by your worship.
You visited 6 branches of the dungeon, and saw 32 of its levels.
You also visited: Ossuary, Gauntlet and Ice Cave.

You collected 3513 gold pieces.
You spent 1986 gold pieces at shops.

Inventory:

Hand Weapons
 a - a +0 morningstar of protection (weapon)
Missiles
 d - 5 throwing nets
 e - 23 boomerangs (quivered)
 o - 6 silver javelins
 p - 15 javelins
 I - 3 atropa-tipped darts
 R - 9 curare-tipped darts
 V - 3 boomerangs of dispersal
Armour
 g - a +0 kite shield (worn)
 s - a +2 helmet
 A - a +2 cloak (worn)
 J - a +2 pair of gloves (worn)
 O - the +1 plate armour of the Cuttlefish (worn) {rN+ Str+4 Dex+3}
   (You bought it in a shop on level 11 of the Dungeon)

   Str:       It affects your strength (+4).
   Dex:       It affects your dexterity (+3).
   rN:        It protects you from negative energy.
 S - a scarf of invisibility
 Y - a +0 pair of boots (worn)
Jewellery
 l - an amulet of reflection
 D - an amulet of regeneration
 E - the ring "Ymnir" (right hand) {rPois rN++ AC+4 Int-2 Stlth+}
   (You found it on level 6 of the Lair of Beasts)

   [ring of protection]

   AC:        It affects your AC (+4).
   Int:       It affects your intelligence (-2).
   rPois:     It protects you from poison.
   rN:        It greatly protects you from negative energy.
   Stlth:     It makes you more stealthy.
 H - an amulet of guardian spirit (around neck)
 K - the ring of Ume Kic (left hand) {rCorr Dex+6 SInv}
   (You found it on level 11 of the Dungeon)

   [ring of dexterity]

   Dex:       It affects your dexterity (+6).
   SInv:      It lets you see invisible.
   rCorr:     It protects you from acid and corrosion.
 N - a ring of positive energy
 P - the ring "Mined" {Fly rF+ Will- Str+4}
   (You found it in a Gauntlet)

   [ring of flight]

   Str:       It affects your strength (+4).
   rF:        It protects you from fire.
   Fly:       It grants you flight.
   Will:      It decreases your willpower.
Wands
 u - a wand of digging (5)
 w - a wand of mindburst (57)
 M - a wand of iceblast (14)
 T - a wand of paralysis (6)
 W - a wand of polymorph (13)
 X - a wand of acid (12)
Scrolls
 b - a scroll of brand weapon
 f - 4 scrolls of immolation
 m - 5 scrolls of teleportation
 n - 6 scrolls of identify
 r - 8 scrolls of fog
 x - a scroll of silence
 B - 2 scrolls of fear
 F - 8 scrolls of magic mapping
 Q - a scroll of summoning
 U - 7 scrolls of blinking
 Z - 3 scrolls of enchant weapon
Potions
 c - 2 potions of resistance
 h - 8 potions of might
 i - 7 potions of attraction
 j - 5 potions of haste
 k - 3 potions of curing
 q - 8 potions of ambrosia
 t - 7 potions of mutation
 v - 4 potions of heal wounds
 C - a potion of invisibility
Miscellaneous
 y - a lightning rod (4/4)
 z - a phantom mirror
 G - a piece from Xom's chessboard (15/15)
 L - a condenser vane


   Skills:
 + Level 17.3 Fighting
 - Level 16.0 Maces & Flails
 - Level 8.0 Throwing
 - Level 12.0 Armour
 - Level 15.0 Dodging
 - Level 6.0 Stealth
 - Level 10.0 Shields
 - Level 10.0 Invocations
 - Level 8.0 Evocations


You had 17 spell levels left.
You didn't know any spells.
Your spell library contained the following spells:

 Spells                   Type           Power      Damage    Failure   Level
 Apportation              Tloc           0%         N/A       100%        1
 Foxfire                  Conj/Fire      0%         2x1d4     100%        1
 Sandblast                Erth           0%         2d4       100%        1
 Shock                    Conj/Air       0%         1d3       100%        1
 Corpse Rot               Necr/Air       0%         N/A       100%        2
 Ensorcelled Hibernation  Hex/Ice        0%         N/A       100%        2
 Passwall                 Tmut/Erth      0%         N/A       100%        2
 Poisonous Vapours        Pois/Air       0%         N/A       100%        2
 Conjure Flame            Conj/Fire      0%         6-21      100%        3
 Gell's Gravitas          Tloc           0%         N/A       100%        3
 Inner Flame              Hex/Fire       0%         N/A       100%        3
 Lesser Beckoning         Tloc           0%         N/A       100%        3
 Stone Arrow              Conj/Erth      0%         3d7       100%        3
 Swiftness                Air            0%         N/A       100%        3
 Teleport Other           Tloc           0%         N/A       100%        3
 Airstrike                Air            0%         N/A       100%        4
 Animate Dead             Necr           0%         N/A       100%        4
 Flame Wave               Conj/Fire      0%         2d4       100%        4
 Alistair's Intoxication  Tmut/Pois      0%         N/A       100%        5
 Borgnjor's Vile Clutch   Necr/Erth      0%         N/A       100%        5
 Iskenderun's Battlesphe  Conj           0%         2d6       100%        5
 Death Channel            Necr           0%         N/A       100%        6
 Iron Shot                Conj/Erth      0%         9d1       100%        6
 Spellforged Servitor     Conj/Summ      0%         N/A       100%        7
 Chain Lightning          Conj/Air       0%         N/A       100%        9
 Fire Storm               Conj/Fire      0%         5d1       100%        9
 Shatter                  Erth           0%         3d5*      100%        9


Dungeon Overview and Level Annotations

Branches:
Dungeon (15/15)            Temple (1/1) D:5            Lair (6/6) D:8
  Swamp (4/4) Lair:4        Snake (4/4) Lair:3        Slime (0/5) Lair:6
    Orc (2/2) D:10            Elf (0/3) Orc:2        Vaults (0/5) D:14
 Depths (0/4) D:15        Ossuary (visited)           IceCv (visited)
Gauntlet (visited)

Altars:
Ashenzari
Cheibriados
Dithmenos
Elyvilon
Fedhas
Gozag
Hepliaklqana
Kikubaaqudgha
Makhleb
Nemelex Xobeh
Okawaru
Qazlal
Ru
Sif Muna
Trog
Uskayaw
Vehumet
Wu Jian
Xom
Yredelemnul
Zin
The Shining One
Jiyva

Shops:
D:11 [   Orc:2 (==:*   Snake:1 (?!(

Annotations:
D:12 2 transporters, Neel Ube's ghost, journeyman FoFi
D:13 1 runed translucent door
D:14 2 transporters, Axipewex's ghost, journeyman OgTm
Lair:6 exclusion: obsidian statue
Snake:1 3 runed translucent doors
Snake:2 exclusion: 5 doors
Snake:4 Mara


Innate Abilities, Weirdness & Mutations

You have very sharp fingernails.
You are surrounded by a moderate repulsion field. (EV +3)
You regenerate health from kills.
You are completely covered in sharp spines.
You have a pair of small antennae on your head.
Your mind is acute. (Int +2)
You passively map a small area around you.


Message History

The guardian serpent casts a spell at you.
The nagaraja blinks!
The mana viper blinks!
The nagaraja blinks!
Unknown command.
Unknown command.
Your surroundings suddenly seem different.
The naga warrior shouts!
You hear a shout!
The naga warrior spits poison at you. You block the splash of poison.
Unknown command.
The naga warrior shouts!
The naga warrior roars a battlecry!
The naga warrior goes into a battle-frenzy!
You feel yourself speed up. Mara gestures at you.
There is a horrible, sudden wrenching feeling in your soul!
The naga warrior spits poison at you. The splash of poison misses you.
The naga warrior spits poison at you. The splash of poison misses you.
The naga warrior spits poison at you. You block the splash of poison.
The naga warrior roars a battlecry!
The naga warrior goes into a battle-frenzy!
The naga warrior roars a battlecry!
Mara gestures at you. The bolt of fire hits you!!
* * * LOW HITPOINT WARNING * * *
You hear a shout!
The nagaraja shouts!
The nagaraja gestures wildly while chanting.
The nagaraja seems to speed up.
Mara points ostentatiously.
You block the naga warrior's attack.
The nagaraja points at you and mumbles some strange words.
The bolt of poison hits you! You resist.
* * * LOW HITPOINT WARNING * * *
You block the naga warrior's attack. The nagaraja spits poison at you.
You block the splash of poison.
Mara blinks!
The naga warrior hits you from afar with a +0 trident!!
You die...

.##...## ##.........#.[..#
..#....###.....ยง...###...#
..##....#..........###...#
...#.............@###...##
...#........RN....# #...#
...#..............###...#
...#..........N..###...##
S..#............###....#
...#............@.#...##
N.###................## ..#
#..............<.# ..#
##..............##
.####........N.....##
.###..............##
###.....##........#
##....#####......## #....##
###.....##


You could see Mara, 2 naga warriors and a nagaraja (fast, strong, catching
breath).

Vanquished Creatures
  Vashnia (Snake:3)
  Frances (D:12)
  7 nagarajas
  A fenstrider witch (Swamp:3)
  A quicksilver ooze (shapeshifter) (D:15)
  3 eleionomae
  3 dire elephants (Lair:6)
  Nessos (D:15)
  A minotaur (Gauntlet)
  5 bunyips
  An ettin (Orc:1)
  A shambling mangrove (Swamp:3)
  A fire dragon (D:15)
  Josephine (D:15)
  A vault guard (D:14)
  A yaktaur captain (D:15)
  2 ice dragons
  14 naga warriors
  A rakshasa (D:15)
  5 boulder beetles
  A salamander tyrant (Snake:3)
  17 hydras
  6 ogre magi
  8 centaur warriors
  16 two-headed ogres
  A death knight (D:11)
  2 catoblepae
  2 ghost crabs
  4 alligator snapping turtles (Snake:3)
  4 tengu warriors
  7 anacondas
  9 alligators
  3 death yaks (Lair:6)
  An orc high priest (Orc:1)
  8 naga sharpshooters
  A spectral dire elephant (Lair:6)
  5 shock serpents
  A fire crab (Gauntlet)
  Sonja (Lair:4)
  A fire crab (shapeshifter) (D:14)
  9 goliath frogs
  5 salamander mystics
  A spectral anaconda (Lair:6)
  5 spriggan druids
  4 skeletal warriors
  10 sea snakes
  17 swamp dragons
  6 bog bodies
  4 naga ritualists
  A deep troll (shapeshifter) (D:15)
  A harpy (shapeshifter) (D:13)
  A glowing orange brain (D:15)
  2 wizards
  10 mana vipers
  A lindwurm (shapeshifter) (D:15)
  8 deep elf pyromancers
  4 deep elf zephyrmancers (D:13)
  5 necromancers
  An orc knight (Orc:1)
  7 manticores
  5 orc sorcerers
  12 elephants (Lair:6)
  13 salamanders
  6 cyclopes
  6 ugly things
  A dire elephant zombie (Lair:6)
  5 will-o-the-wisps
  A faun (shapeshifter) (Gauntlet)
  7 guardian serpents
  2 ice statues (IceCv)
  16 naga magi
  24 black mambas
  10 cane toads
  3 gargoyles
  An efreet (D:13)
  Maggie (D:7)
  3 kobold demonologists (D:13)
  9 rime drakes
  6 komodo dragons
  3 tengu conjurers
  A queen bee (D:9)
  3 meliai
  6 polar bears
  5 trolls
  13 tyrant leeches
  17 blink frogs
  A hornet (D:14)
  8 slime creatures
  Prince Ribbit (Lair:3)
  A slime creature (shapeshifter) (D:15)
  A spectral elephant (Lair:6)
  4 snapping turtles (Snake:3)
  A centaur simulacrum (D:15)
  4 spriggans
  9 wraiths
  2 shadows
  A hog (shapeshifter) (D:15)
  52 yaks
  3 fire bats (Gauntlet)
  3 steam dragons
  4 basilisks
  2 death yak simulacra (Lair:6)
  Menkaure (Ossuary)
  11 vampire mosquitoes
  15 swamp worms
  2 wargs
  41 nagas
  2 acid dragons
  9 water moccasins
  9 swamp drakes
  2 black bears
  26 orc warriors
  2 elephant zombies (Lair:6)
  2 hornet zombies
  27 ogres
  3 wolves (Lair:2)
  9 centaurs
  2 elephant skeletons (Lair:6)
  2 phantoms (D:6)
  2 kobold brigands
  13 bullfrogs
  5 scorpions
  A wyvern skeleton (D:7)
  4 cane toad simulacra (Lair:6)
  A hornet simulacrum (D:14)
  19 killer bees (D:9)
  An elephant simulacrum (Lair:6)
  5 lindwurm simulacra (IceCv)
  5 wights (D:7)
  12 electric eels
  5 howler monkeys
  A centaur zombie (D:9)
  2 jellies (D:6)
  7 komodo dragon simulacra (IceCv)
  A bullfrog skeleton (D:5)
  Crazy Yiuf (D:5)
  4 centaur skeletons
  18 orc priests
  23 orc wizards
  An iguana (D:7)
  3 polar bear simulacra
  Terence (D:3)
  4 hell rats (Lair:4)
  A killer bee zombie (D:6)
  2 wolf simulacra (Lair:4)
  A hound zombie (D:4)
  A hound skeleton (D:5)
  4 mummies
  Robin (D:3)
  13 gnolls
  5 acid dragon simulacra (IceCv)
  6 adders
  A shadow imp (Gauntlet)
  A white imp (D:5)
  An ufetubus (D:6)
  4 steam dragon simulacra (IceCv)
  2 worms
  A dart slug (D:3)
  88 orcs
  6 endoplasms
  4 giant cockroaches
  14 goblins
  6 hobgoblins
  15 jackals
  24 kobolds
  4 quokkas
  3 ball pythons
  5 bats
  A frilled lizard (D:1)
  4 gnoll skeletons (Ossuary)
  6 gnoll zombies (Ossuary)
  6 goblin skeletons (Ossuary)
  3 goblin zombies (Ossuary)
  3 hobgoblin skeletons (Ossuary)
  5 hobgoblin zombies (Ossuary)
  2 kobold skeletons (Ossuary)
  4 kobold zombies (Ossuary)
  3 orc skeletons (Ossuary)
  4 orc zombies (Ossuary)
  2 rats
  7 rat skeletons (Ossuary)
  3 rat zombies (Ossuary)
  A river rat simulacrum (Lair:4)
1099 creatures vanquished.

Vanquished Creatures (collateral kills)
  the Lernaean hydra (Swamp:4)
  Jorgrun (D:15)
  A nagaraja (Snake:4)
  A hydra (Swamp:4)
  A centaur warrior (D:15)
  3 death yaks (Lair:4)
  A tengu warrior (D:15)
  A swamp dragon (Swamp:4)
  An orc knight (D:15)
  A deep elf zephyrmancer (D:15)
  4 ugly things (D:15)
  2 orc warriors (D:15)
  3 polar bear simulacra (Lair:4)
  3 yak simulacra (Lair:4)
  An orc (D:15)
  A river rat simulacrum (Lair:4)
26 creatures vanquished.

Vanquished Creatures (others)
  A deep elf pyromancer (D:13)
  A naga mage (Snake:2)
  4 bloated husks (Swamp:1)
  An orc wizard (Orc:1)
  A white imp (D:7)
  2 orcs
  37 foxfires
  46 fungi
  97 plants
  16 withered plants (Lair:6)
206 creatures vanquished.

Grand Total: 1331 creatures vanquished

Notes
Turn   | Place    | Note
-------+----------+-------------------------------------------
     0 | D:1      | tilp the Demonspawn Gladiator began the quest for the Orb.
     0 | D:1      | Reached XP level 1. HP: 16/16 MP: 1/1
   173 | D:1      | Gained mutation: You are partially covered in sharp spines.
                  | [demonic ancestry]
   173 | D:1      | Reached XP level 2. HP: 10/22 MP: 2/2
   982 | D:1      | Gained mutation: You are surrounded by a mild repulsion
                  | field. (EV +2) [demonic ancestry]
   982 | D:1      | Reached XP level 3. HP: 27/27 MP: 3/3
  1152 | D:2      | Found a faded altar of an unknown god.
  1517 | D:2      | Reached XP level 4. HP: 33/33 MP: 4/4
  1886 | D:3      | Reached skill level 1 in Stealth
  2307 | D:3      | Noticed Robin
  2308 | D:3      | Reached XP level 5. HP: 36/39 MP: 5/5
  2319 | D:3      | Killed Robin
  2601 | D:3      | Noticed Terence
  2609 | D:3      | Killed Terence
  2776 | D:3      | Found a shimmering blue altar of Sif Muna.
  3045 | D:3      | Reached skill level 5 in Maces & Flails
  3045 | D:3      | Reached XP level 6. HP: 45/46 MP: 6/6
  3051 | D:3      | Reached skill level 3 in Fighting
  3676 | D:4      | Reached XP level 7. HP: 52/52 MP: 7/7
  4559 | D:5      | Entered Level 5 of the Dungeon
  4648 | D:5      | Reached skill level 4 in Fighting
  4797 | D:5      | Reached skill level 1 in Evocations
  4800 | D:5      | Reached skill level 1 in Armour
  4835 | D:5      | Found a staircase to the Ecumenical Temple.
  5085 | D:5      | Gained mutation: You are surrounded by a moderate repulsion
                  | field. (EV +3) [demonic ancestry]
  5085 | D:5      | Reached XP level 8. HP: 61/61 MP: 8/8
  5128 | D:5      | Found a sand-covered staircase.
  5138 | Ossuary  | Entered an ossuary
  6234 | Ossuary  | Noticed Menkaure
  6908 | Ossuary  | Killed Menkaure
  7103 | Temple   | Entered the Ecumenical Temple
  7285 | Temple   | Became a worshipper of Makhleb the Destroyer
  7456 | D:5      | Found a runed translucent door.
  7457 | D:5      | Noticed Crazy Yiuf
  8485 | D:5      | Killed Crazy Yiuf
  8486 | D:5      | Reached skill level 5 in Fighting
  8974 | D:6      | Gained mutation: You have sharp fingernails. [demonic
                  | ancestry]
  8974 | D:6      | Reached XP level 9. HP: 64/69 MP: 9/9
  9011 | D:6      | Noticed a troll
  9031 | D:6      | Killed a troll
  9032 | D:6      | Reached skill level 6 in Fighting
  9032 | D:6      | Reached skill level 1 in Shields
  9032 | D:6      | Reached skill level 1 in Invocations
  9812 | D:7      | Reached * piety under Makhleb
 10229 | D:7      | Noticed Maggie
 10246 | D:7      | Killed Maggie
 10890 | D:7      | Found a bloodstained altar of Trog.
 11611 | D:8      | Reached XP level 10. HP: 33/77 MP: 13/13
 11629 | D:8      | Reached skill level 7 in Fighting
 12290 | D:8      | Found a staircase to the Lair.
 12395 | D:8      | Reached ** piety under Makhleb
 12407 | D:8      | Reached skill level 10 in Maces & Flails
 12420 | D:8      | Reached skill level 8 in Fighting
 13134 | D:9      | Reached *** piety under Makhleb
 13135 | D:9      | HP: 2/82 [killer bee (9)]
 13136 | D:9      | Gained mutation: You regenerate a little health from kills.
                  | [demonic ancestry]
 13136 | D:9      | Reached XP level 11. HP: 2/87 MP: 14/14
 13798 | D:9      | Noticed a +0 hand axe
 13799 | D:9      | Noticed a +0 dagger
 13806 | D:9      | Found a hide-covered altar of Uskayaw.
 13917 | D:9      | Found a broken altar of Ashenzari.
 14181 | D:10     | Entered Level 10 of the Dungeon
 14245 | D:10     | Found a staircase to the Orcish Mines.
 15468 | D:11     | Found Zocics's Armour Shoppe.
 15497 | D:11     | Bought a +0 pair of gloves for 49 gold pieces
 15580 | D:11     | Reached skill level 9 in Fighting
 15781 | D:11     | Reached **** piety under Makhleb
 15867 | D:11     | Identified the ring of Ume Kic {rCorr Dex+6 SInv}
 15887 | D:11     | Noticed a death knight
 15895 | D:11     | Noticed a skeletal warrior
 15954 | D:10     | Killed a skeletal warrior
 16276 | Lair:1   | Entered Level 1 of the Lair of Beasts
 16320 | Lair:1   | Reached skill level 5 in Shields
 16465 | Lair:1   | Reached skill level 5 in Dodging
 16638 | Lair:1   | Noticed a five-headed hydra
 16653 | Lair:1   | Killed a five-headed hydra
 18139 | Lair:2   | Reached skill level 10 in Fighting
 18408 | Lair:2   | Identified the +9 spear of the Ship {holy, Drain rF+ Int+5}
 18466 | Lair:2   | Noticed a five-headed hydra
 18485 | Lair:2   | Killed a five-headed hydra
 18486 | Lair:2   | Gained mutation: You have very sharp fingernails. [demonic
                  | ancestry]
 18486 | Lair:2   | Reached XP level 12. HP: 46/97 MP: 5/15
 18492 | Lair:2   | Noticed an eight-headed hydra
 19037 | D:11     | Bought the +1 plate armour of the Cuttlefish {rN+ Str+4
                  | Dex+3} for 592 gold pieces
 19580 | Lair:2   | Killed an eight-headed hydra
 19958 | Lair:3   | Noticed a boulder beetle
 20033 | Lair:3   | Reached ***** piety under Makhleb
 20149 | Lair:3   | Found a staircase to the Snake Pit.
 20662 | Lair:3   | Killed a boulder beetle
 20751 | Lair:3   | Found a broken altar of Ashenzari.
 20753 | Lair:3   | Noticed Prince Ribbit
 20764 | Lair:3   | Killed Prince Ribbit
 20797 | Lair:3   | Reached skill level 5 in Invocations
 21444 | Lair:4   | Found a staircase to the Swamp.
 21690 | Lair:4   | Reached skill level 5 in Evocations
 21977 | Lair:4   | Reached skill level 5 in Throwing
 22023 | Lair:4   | Noticed Sonja
 22026 | Lair:4   | Killed Sonja
 22027 | Lair:4   | Reached skill level 5 in Armour
 22827 | Lair:4   | Noticed a death yak
 22827 | Lair:4   | Noticed a death yak
 22828 | Lair:4   | Noticed a death yak
 22873 | Lair:4   | Killed a death yak
 22877 | Lair:4   | Killed a death yak
 22882 | Lair:4   | Killed a death yak
 22883 | Lair:4   | Gained mutation: You regenerate health from kills. [demonic
                  | ancestry]
 22883 | Lair:4   | Reached XP level 13. HP: 44/103 MP: 7/17
 23554 | Lair:5   | Found a gate leading to a gauntlet.
 23606 | Gauntlet | Entered a Gauntlet
 23606 | Gauntlet | Found a transporter.
 23606 | Gauntlet | Found a transporter.
 23606 | Gauntlet | Found a transporter.
 23612 | Gauntlet | Found a transporter.
 23615 | Gauntlet | Found a transporter.
 23625 | Gauntlet | Found a transporter.
 23691 | Gauntlet | Found a transporter.
 23701 | Gauntlet | Found a transporter.
 23716 | Gauntlet | Found a transporter.
 23726 | Gauntlet | Found a transporter.
 23741 | Gauntlet | Found a transporter.
 23747 | Gauntlet | Found a transporter.
 23871 | Gauntlet | Identified the ring "Mined" {Fly rF+ Will- Str+4}
 24120 | Gauntlet | Identified the ring of Conformity {Fire rN+ MP+9 Str+3
                  | Dex-4}
 24247 | Gauntlet | Identified the +6 falchion "Pune" {venom, rElec Will+ Str-4
                  | Stlth+}
 24247 | Gauntlet | Noticed a minotaur
 24265 | Gauntlet | Killed a minotaur
 25675 | Lair:5   | Reached skill level 10 in Dodging
 25694 | Lair:5   | HP: 2/103 [tyrant leech (12)]
 26465 | Lair:6   | Entered Level 6 of the Lair of Beasts
 26691 | Lair:6   | Found a viscous altar of Jiyva.
 26691 | Lair:6   | Found a staircase to the Slime Pits.
 26744 | Lair:6   | Found a frozen archway.
 26795 | IceCv    | Entered an ice cave
 28237 | Lair:6   | Gained mutation: You are mostly covered in sharp spines.
                  | [demonic ancestry]
 28237 | Lair:6   | Reached XP level 14. HP: 89/111 MP: 14/20
 28598 | Lair:6   | Reached skill level 11 in Fighting
 29244 | Orc:1    | Entered Level 1 of the Orcish Mines
 29283 | Orc:1    | Reached ****** piety under Makhleb
 29626 | Orc:2    | Entered Level 2 of the Orcish Mines
 29736 | Orc:2    | Found a staircase to the Elven Halls.
 30370 | Orc:2    | Reached skill level 12 in Fighting
 31250 | Orc:2    | Found Lusowyon's Book Boutique.
 31250 | Orc:2    | Found Garis's Jewellery Shoppe.
 31371 | Orc:2    | Found Jolysk's Jewellery Shoppe.
 31371 | Orc:2    | Found Yneyhas Iplu's Weapon Shop.
 31440 | Orc:2    | Found Xeim's Assorted Antiques.
 31940 | Orc:2    | Bought a manual of Armour for 1120 gold pieces
 31941 | Orc:2    | Bought a ring of see invisible for 225 gold pieces
 32817 | D:12     | Noticed Frances
 33241 | D:12     | Noticed Neel Ube's ghost (journeyman FoFi)
 33241 | D:12     | Noticed a shadow dragon
 33242 | D:12     | Found a transporter.
 33313 | D:12     | Killed Frances
 33609 | D:12     | Found a transporter.
 33942 | D:13     | Reached XP level 15. HP: 122/122 MP: 21/21
 34081 | D:13     | Identified the +7 war axe "Leymobio" {vorpal, Str+5 SInv}
 34361 | D:13     | Found a runed translucent door.
 35505 | D:14     | Found a transporter.
 35509 | D:14     | Found a transporter.
 35536 | D:14     | Reached skill level 13 in Fighting
 35611 | D:14     | Noticed a fire giant
 35611 | D:14     | Noticed Axipewex's ghost (journeyman OgTm)
 36913 | D:14     | Found a gate to the Vaults.
 36973 | D:15     | Entered Level 15 of the Dungeon
 37067 | D:15     | Noticed Josephine
 37092 | D:15     | Killed Josephine
 37531 | D:15     | Noticed Nessos
 37548 | D:15     | Killed Nessos
 37551 | D:15     | Reached skill level 10 in Armour
 37591 | D:15     | Noticed Jorgrun
 37676 | D:15     | Reached skill level 14 in Fighting
 37698 | D:15     | Killed Jorgrun
 37914 | D:15     | Found a sparkling altar of Nemelex Xobeh.
 37966 | D:15     | Reached XP level 16. HP: 134/134 MP: 22/22
 37981 | D:15     | Reached skill level 15 in Fighting
 38289 | D:15     | Identified the +2 scale mail of the New World {rN+}
 39039 | D:15     | Found a staircase to the Depths.
 39777 | Lair:6   | Identified the ring "Ymnir" {rPois rN++ AC+4 Int-2 Stlth+}
 40683 | Snake:1  | Entered Level 1 of the Snake Pit
 40838 | Snake:1  | Found Tacow's Magic Scroll Shop.
 40840 | Snake:1  | Found Janar's Antique Weapon Boutique.
 40840 | Snake:1  | Found Temefimn's Weapon Shop.
 40843 | Snake:1  | Found Selyngoa's Distillery.
 41559 | Snake:1  | Found a runed translucent gate.
 41559 | Snake:1  | Found a runed translucent gate.
 41559 | Snake:1  | Found a runed translucent gate.
 42828 | Snake:2  | Reached skill level 15 in Maces & Flails
 42906 | Snake:2  | Identified the +1 scale mail "Quecrama" {rN++ MP-9 Dex+5}
 43857 | Snake:3  | Noticed Vashnia
 44370 | Snake:3  | Gained mutation: You are completely covered in sharp
                  | spines. [demonic ancestry]
 44370 | Snake:3  | Reached XP level 17. HP: 90/142 MP: 18/23
 45826 | Snake:3  | Identified a scroll of acquirement
 45827 | Snake:3  | Acquired a manual of Dodging
 46081 | Snake:3  | Reached skill level 5 in Stealth
 46590 | Snake:3  | Killed Vashnia
 47023 | Swamp:1  | Entered Level 1 of the Swamp
 49545 | Swamp:3  | Reached skill level 10 in Invocations
 49563 | Swamp:3  | Paralysed by a fenstrider witch for 3 turns
 50235 | Swamp:4  | Entered Level 4 of the Swamp
 50473 | Swamp:4  | Reached XP level 18. HP: 112/151 MP: 17/25
 51312 | Swamp:4  | Noticed the 27-headed Lernaean hydra
 51348 | Swamp:4  | Killed the 27-headed Lernaean hydra
 51380 | Swamp:4  | Reached skill level 16 in Fighting
 51628 | Swamp:4  | Got a decaying rune of Zot
 52052 | Snake:4  | Entered Level 4 of the Snake Pit
 52330 | Snake:4  | Reached skill level 10 in Shields
 52975 | Snake:4  | Noticed Mara
 52980 | Snake:4  | Noticed tilp's illusion
 53557 | Snake:4  | Noticed tilp's illusion
 53924 | Snake:4  | Gained mutation: You sometimes lose the ability to read
                  | scrolls when taking damage. [a cacodemon]
 53939 | Snake:4  | Gained mutation: You are dopey. (Int -2) [a cacodemon]
 53942 | Snake:4  | Reached skill level 15 in Dodging
 54432 | Snake:4  | Lost mutation: You are dopey. (Int -2) [potion of mutation]
 54432 | Snake:4  | Lost mutation: You sometimes lose the ability to read
                  | scrolls when taking damage. [potion of mutation]
 54432 | Snake:4  | Gained mutation: You sometimes lose the ability to read
                  | scrolls when taking damage. [potion of mutation]
 54433 | Snake:4  | Lost mutation: You sometimes lose the ability to read
                  | scrolls when taking damage. [potion of mutation]
 54433 | Snake:4  | Gained mutation: Your mind is acute. (Int +2) [potion of
                  | mutation]
 54433 | Snake:4  | Gained mutation: You passively map a small area around you.
                  | [potion of mutation]
 54433 | Snake:4  | Gained mutation: You have a pair of small antennae on your
                  | head. [potion of mutation]
 54484 | Snake:4  | Noticed tilp's illusion
 55617 | Snake:4  | Reached skill level 17 in Fighting
 56333 | Snake:4  | HP: 7/155 [poisoned by a guardian serpent (bolt of poison)]
 56338 | Snake:4  | HP: 4/155 [guardian serpent/bolt of poison (7)]
 56339 | Snake:4  | HP: 1/155 [poisoned by a nagaraja (poison arrow)]
 56346 | Snake:4  | Noticed tilp's illusion
 56350 | Snake:4  | HP: 4/155 [nagaraja/bolt of poison (6)]
 56351 | Snake:4  | Annihilated by a naga warrior

Illustrated notes

Levels and vault maps discovered:
D:1:      nicolae_arrival_memento_mori, layout_rooms, hex_intersection,
          hangedman_decor_peaks_small, serial_bayou_lagoon_a,
          minmay_tiny_reverse_x
D:2:      kennysheep_big_flooded_room, layout_loops_ring,
          hellmonk_ecumenical_altar_arch_garden
D:3:      layout_loops_ring, general_overflow_altar, chequers_avenue,
          minivault_11, kennysheep_boxes, uniq_robin, uniq_terence
D:4:      layout_loops_corners, chequers_jeans, nicolae_grassy_gnolls
D:5:      layout_basic, minmay_temple_entry_waves, serial_rivers,
          chequers_serial_rivers_room_a, chequers_serial_rivers_room_a,
          chequers_serial_rivers_small_b, chequers_serial_rivers_room_a,
          chequers_serial_rivers_micro_b, gup_ossuary_entry_pyramid,
          minmay_misc_feat_hallway, uniq_crazy_yiuf_cottage
D:6:      layout_loops_ring, serial_rivers, chequers_serial_rivers_large_b,
          chequers_serial_rivers_micro_b, chequers_serial_rivers_room_b,
          chequers_serial_rivers_small_3, chequers_serial_rivers_marsh,
          chequers_serial_rivers_micro_b
D:7:      layout_cave_pools, lightli_temple_of_fire, uniq_maggie
D:8:      layout_loops_ring, grunt_lair_entry_orc_guard_hut,
          kennysheep_windowed_goal
D:9:      layout_rooms, cheibrodos_ashenzari_chains, dancing_weapons_uskayaw,
          special_room [special_room_bee], serial_bayou, serial_bayou_pond_d,
          serial_bayou_pond_e, serial_bayou_pond_e, serial_bayou_crossing,
          hellmonk_bongcloud_opening
D:10:     layout_long_grid, orc_0_dummy
D:11:     layout_gridville, serial_shops, shop_fountains
D:12:     layout_basic, gammafunk_ghost_arena, uniq_frances
D:13:     cheibrodos_shockbox, layout_loops_cross, elves_outpost_lemuel
D:14:     layout_gridville, david_vaults_5, minmay_curled_crystal,
          nzn_ghost_randoct
D:15:     gammafunk_enter_depths_forms, layout_rooms,
          nemelex_xobeh_ov_fountains_minmay, grunt_ministairs_11,
          serial_bayou_pond_e, minmay_the_grid_2x2 [minmay_the_grid_fan,
          minmay_the_grid_doors, minmay_the_grid_holed_spiral,
          minmay_the_grid_prize_four_corners_diamond_a], uniq_jorgrun,
          uniq_nessos, uniq_josephine
Temple:   eino_narrow_crystal_temple
Lair:1:   layout_loops_ring, serial_bayou_lake_a
Lair:2:   layout_regular_city
Lair:3:   layout_gridlike, minmay_snake_entry_guardpost_medium, basic_altar,
          uniq_prince_ribbit2
Lair:4:   layout_big_grid, skrybe_swamp_entry_bodies, eino_house_with_fridge,
          grunt_megastairs_3, lemuel_fruit_fields, uniq_sonja
Lair:5:   onia_ninara_swampy_vault, layout_gridlike, gauntlet_entry_generic
Lair:6:   due_jungle_book, layout_loops_ring, dpeg_slime_entry_enclosed_altar,
          portal_ice_cave_entry_ice_simulacra, cheibrodos_lair_lostbears
Swamp:1:  layout_basic_swamp, evilmike_swamp_ruin_wall,
          infiniplex_staircase_pool
Swamp:2:  layout_basic_swamp, infiniplex_staircase_pool_2,
          nicolae_swamp_hydra_murder_den
Swamp:3:  layout_falls_marsh, nicolae_swamp_tree_isthmus, swamp_pool1,
          hangedman_swamp_pad
Swamp:4:  swamp_old_school, layout_basic_swamp
Snake:1:  layout_onion, nicolae_snake_horde_hoard, serial_bayou_shore_a,
          minmay_shoptagon, grunt_megastairs_5
Snake:2:  layout_grid_shapes, hangedman_venom_bottle
Snake:3:  nicolae_sea_snake_s, layout_grid_shapes,
          nicolae_snake_herptile_family_reunion, uniq_vashnia
Snake:4:  grunt_snake_rune_spirals, layout_onion, special_room, uniq_mara
Orc:1:    layout_caves
Orc:2:    st_orc_ogre_mass, layout_diamond_mine, serial_shops, shop,
          guppyfry_library_mini

Skill      XL: |  1  2  3  4  5  6  7  8  9 10 11 12 13 14 15 16 17 18 |
---------------+-------------------------------------------------------+-----
Maces & Flails | 3 4 5 6 8 9 10 11 12 15 16 | 16.0
Throwing       | 2 4 5 6 7 8 |  8.0
Stealth        | 1 2 3 4 6 |  6.0
Dodging        | 3 4 5 7 10 12 13 15 | 15.0
Fighting       | 3 4 5 6 8 10 12 14 15 17 | 17.3
Evocations     | 1 4 5 7 8 |  8.0
Armour         | 1 2 4 5 6 7 10 11 12 | 12.0
Shields        | 4 5 6 7 8 9 10 | 10.0
Invocations    | 4 6 8 10 | 10.0

Action                   |  1- 3 |  4- 6 |  7- 9 | 10-12 | 13-15 | 16-18 || total
-------------------------+-------+-------+-------+-------+-------+-------++-------
Melee: Flail             |    95 |    87 |       |       |       |       ||   182
       Whip              |       |    46 |   485 |  1001 |  1143 |    21 ||  2696
       Punch             |       |     4 |     2 |       |       |       ||     6
       Morningstar       |       |       |       |       |   827 |  2188 ||  3015
Throw: Boomerang         |       |       |     2 |    22 |       |    13 ||    37
       Throwing net      |       |       |     1 |       |       |       ||     1
       Javelin           |       |       |       |       |       |     3 ||     3
Invok: Lesser Servant of |       |       |       |     4 |     1 |     1 ||     6
       Greater Servant o |       |       |       |       |     3 |     3 ||     6
       Major Destruction |       |       |       |       |     1 |       ||     1
 Abil: Evoke Invisibilit |       |       |       |       |     1 |       ||     1
Evoke: Wand              |       |       |     5 |    19 |    12 |     6 ||    42
       Lightning rod     |       |       |       |       |       |     2 ||     2
       Phantom mirror    |       |       |       |       |       |     4 ||     4
       Condenser vane    |       |       |       |       |       |     2 ||     2
  Use: Scroll            |     1 |     7 |    10 |    12 |     6 |    13 ||    49
       Potion            |       |       |     2 |     5 |     6 |    11 ||    24
 Stab: Held in net/web   |       |       |     1 |       |       |       ||     1
       Distracted        |       |       |       |     2 |       |       ||     2
       Invisible         |       |       |       |       |     5 |       ||     5
       Paralysed         |       |       |       |       |     7 |       ||     7
       Petrified         |       |       |       |       |     4 |       ||     4
Armor: Leather armour    |     3 |       |       |       |       |       ||     3
       Ring mail         |    34 |    25 |       |       |       |       ||    59
       Scale mail        |       |    17 |   114 |       |       |       ||   131
       Plate armour      |       |       |    25 |   378 |   793 |  1018 ||  2214
       Ice dragon scales |       |       |       |       |     7 |       ||     7
       Skin              |       |       |       |       |    16 |       ||    16
Dodge: Dodged            |    78 |    75 |   245 |   251 |   994 |  1252 ||  2895
Block: Kite shield       |       |       |    11 |   484 |  1197 |  1416 ||  3108
